Cogmind - Beta 11.1 @@@ ROGUE MODE // 2022.05.07 @ 16:44:31 Player: Pitt Result: Destroyed by H-55 Commando with Assault Rifle Performance ------------- Evolutions (2) 1000 Regions Visited (4) 800 Robots Destroyed (43) 215 Value Destroyed (961) 961 Prototype IDs (1) 20 Alien Tech Used (0) 0 Bonus (-181) -181 TOTAL SCORE: 2815 Bonus ------- High Alert Combat Kills 88 Friendly Fire -269 Cogmind --------- Core Integrity 0/550 Matter 11/300 Energy 89/100 System Corruption 0% Temperature Cool (0) Movement Core (50) Location -8/Materials Parts ------- > --- POWER (1) -------- (None) > --- PROPULSION (4) --- (None) > --- UTILITY (4) ------ Hacking Suite > --- WEAPON (2) ------- (None) > --- INVENTORY (5) ---- Light Deuterium Engine Melee Analysis Suite Melee Analysis Suite Force Booster Insulated Plating Peak State ------------ > --- POWER ------------ Micro Nuclear Core > --- PROPULSION ------- Light Treads Light Treads Wheel Compact Wheel > --- UTILITY ---------- Heat Sink Small Storage Unit Terrain Scanner Improved Terrain Scanner > --- WEAPON ----------- Arc Projector Gauss Cannon > --- INVENTORY -------- Melee Analysis Suite Melee Analysis Suite Force Booster Hacking Suite Recalibrator Grenade Launcher Rocket Launcher Rocket Launcher [Rating: 24] Favorites ----------- Power Ion Engine Engine Ion Engine Power Core Micro Nuclear Core Propulsion Aluminum Leg Treads Light Treads Leg Aluminum Leg Wheel Wheel Utility Small Storage Unit Device Terrain Scanner Storage Small Storage Unit Hackware Hacking Suite Protection Hardened Medium Armor Plating Weapon Assault Rifle Energy Gun Medium Laser Ballistic Gun Assault Rifle Ballistic Cannon Gauss Cannon Launcher Rocket Launcher Special Weapon Mining Laser Build | -11 -10 -9 -9 -8 ------- Run | Scr Mat Mat Min Mat Slots Evolved 4 | . . 2 . 2 Power . | . . . . . Propulsion 2 | . . . . 2 Utility 2 | . . 2 . . Weapon . | . . . . . Parts Attached 48 | 7 7 . 14 20 Power 3 | 1 . . 1 1 Engine 1 | 1 . . . . Core 2 | . . . 1 1 Reactor . | . . . . . Propulsion 7 | 2 . . 3 2 Treads 2 | . . . . 2 Leg 3 | 2 . . 1 . Wheel 2 | . . . 2 . Hover . | . . . . . Flight . | . . . . . Utility 9 | 2 1 . 3 3 Device 4 | 1 . . 3 . Storage 2 | 1 1 . . . Processor . | . . . . . Hackware 1 | . . . . 1 Protection 2 | . . . . 2 Artifact . | . . . . . Weapon 29 | 2 6 . 7 14 Energy Gun 8 | 1 1 . 2 4 Energy Cannon . | . . . . . Ballistic Gun 2 | 1 1 . . . Ballistic Cannon 6 | . . . 2 4 Launcher 11 | . 2 . 3 6 Special Weapon 2 | . 2 . . . Impact Weapon . | . . . . . Slashing Weapon . | . . . . . Piercing Weapon . | . . . . . Special Melee Weapon . | . . . . . Unidentified Prototypes 1 | . . . . 1 Corrupted Parts 1 | . . . 1 . System Corruption 3 | . . . 3 . Parts Lost 14 | . 1 . . 13 Power 1 | . . . . 1 Propulsion 4 | . . . . 4 Utility 4 | . 1 . . 3 Weapon 5 | . . . . 5 Highest Loss Streak 10 | . 1 . . 10 To Critical Strikes . | . . . . . Average Slot Usage (%) 87 | . 99 77 93 66 Engine 7 | . 14 11 8 . Core 2 | . . . 2 6 Treads 2 | . . . . 9 Leg 16 | . 28 22 18 . Wheel 4 | . . . 3 10 Device 17 | . 12 . 23 14 Storage 12 | . 14 22 14 8 Energy Gun 6 | . 9 . 4 5 Ballistic Gun 3 | . 6 11 4 . Ballistic Cannon 2 | . . . 3 3 Launcher 5 | . 1 11 9 5 Special Weapon 3 | . 10 . . . Naked Turns 2 | . . . . 2 Heaviest Build 29 | 15 20 20 25 29 Greatest Support 40 | 20 20 20 26 40 Greatest Overweight (x) 7 | . . . 1 7 Average Overweight (x) . | . . . . . Largest Inventory Capacity 8 | 8 8 8 8 8 Average Capacity 7 | 7 8 8 8 7 Most Carried 8 | 7 8 7 8 8 Average Carried 7 | 1 7 7 7 7 Final Capacity 8 | 8 8 8 8 5 Final Carried 8 | 7 7 7 8 5 Class Distribution -------------------- 77% | Mutant 22% | Scavenger-Mutant Dominant Class ---------------- Mutant | -10/Materials Mutant | -9/Materials Mutant | -9/Mines Scavenger-Mutant | -8/Materials Resources | -11 -10 -9 -9 -8 ----------- Run | Scr Mat Mat Min Mat Matter Collected 826 | 297 61 . 346 122 Remotely 61 | 10 51 . . . Salvage Created 958 | 109 113 . 379 357 Parts 71 | 9 14 . 21 27 Haulers Intercepted . | . . . . . Recyclers Shooed 1 | . . . . 1 Parts Field Recycled . | . . . . . Retrieved Matter . | . . . . . Parts Self-Destructed . | . . . . . Prevented . | . . . . . Kills | -11 -10 -9 -9 -8 ------- Run | Scr Mat Mat Min Mat Combat Hostiles Destroyed 29 | . 5 . 11 13 Melee 1 | . . . . 1 Guns 4 | . 2 . 2 . Cannons 2 | . . . 1 1 AOE 22 | . 3 . 8 11 Classes Destroyed 7 | 2 3 . 1 1 Worker 2 | . . . 1 1 Builder 4 | . 2 . 2 . Tunneler 5 | 2 1 . 1 1 Recycler 2 | 1 . . 1 . Swarmer 13 | . 3 . 6 4 Grunt 15 | . 2 . 5 8 Hunter 1 | . . . . 1 Thug 1 | . . . . 1 Best Kill Streak 5 | 3 4 . 5 4 Combat Bots Only 4 | . 3 . 3 4 Max Kills in Single Turn 4 | 1 3 . 4 4 Gunslinging 1 | . . . 1 . Exploded 4 | . 2 . 3 4 Melee 1 | . . . . 1 Uniques/NPCs Destroyed . | . . . . . Combat | -11 -10 -9 -9 -8 -------- Run | Scr Mat Mat Min Mat Damage Taken 2367 | . 272 . 222 1873 Core 668 | . 51 . 55 562 Absorbed by Shields . | . . . . . Core Remaining (%) 88 | 100 79 . 86 . Volleys Fired 115 | 9 32 . 32 42 Largest 2 | 2 2 . 2 2 Hottest 103 | 70 100 . 63 103 Shots Fired 152 | 18 40 . 42 52 Gun 82 | 18 18 . 31 15 Cannon 20 | . . . 3 17 Launcher 32 | . 4 . 8 20 Special 18 | . 18 . . . Kinetic 52 | 9 10 . 16 17 Thermal 37 | 9 26 . . 2 Explosive 28 | . 4 . 8 16 Electromagnetic 35 | . . . 18 17 Robot Hit Streak 8 | 3 5 . 3 8 Robot Miss Streak 8 | 1 2 . 4 8 Penetration Max . | . . . . . Secondary Targets 1 | . . . 1 . Max Gunslinging Chain 1 | . . . 1 . Shots Hit Robots 68 | 10 14 . 21 23 Core Hits 71 | 4 10 . 22 35 Critical Kills . | . . . . . Critical Parts Destroyed . | . . . . . Critical Strikes 1 | . . . . 1 Blast 1 | . . . . 1 Melee Attacks . | . . . . . Impact . | . . . . . Slashing . | . . . . . Piercing . | . . . . . Sneak Attacks . | . . . . . Combat Hostiles . | . . . . . Follow-up Attacks . | . . . . . Damage Inflicted 3595 | 124 412 . 990 2069 Guns 622 | 124 154 . 274 70 Cannons 262 | . . . 16 246 Explosions 2680 | . 248 . 687 1745 Melee . | . . . . . Ramming 31 | . 10 . 13 8 Kinetic 493 | 50 67 . 130 246 Thermal 373 | 74 87 . 37 175 Explosive 2295 | . 248 . 650 1397 Electromagnetic 403 | . . . 160 243 Impact . | . . . . . Slashing . | . . . . . Piercing . | . . . . . Highest Corruption 3 | . . . 3 . Average Corruption 3 | . . . 3 . Corruption Purged . | . . . . . Corruption Blocked . | . . . . . Effects 6 | . . . 6 . Message Errors 1 | . . . 1 . Energy Discharges 1 | . . . 1 . Data Loss (minor) 2 | . . . 2 . Data Loss (major) 1 | . . . 1 . Alerts 1 | . . . 1 . Overload Shots . | . . . . . Overflow Damage 150 | . 5 . 64 81 Projectiles . | . . . . . Explosions 150 | . 5 . 64 81 Melee . | . . . . . Knockbacks 4 | . . . . 4 Impact . | . . . . . Kinetic 3 | . . . . 3 Secondary 1 | . . . . 1 Self-Inflicted Damage 436 | . 58 . 48 330 Shots 13 | . 2 . 2 9 Rammed 7 | . . . . 7 Targets Rammed 10 | . 1 . 2 7 Kicked 3 | . 1 . 2 . Crushed . | . . . . . Highest Temperature 186 | 36 90 . 12 186 Average Temperature 39 | 15 27 . 4 65 Received Heat Transfer 1086 | . 84 . 84 918 Siege Activations . | . . . . . Robots Corrupted . | . . . . . Combat Hostiles . | . . . . . Parts Fried 1 | . . . 1 . Impact Corruptions . | . . . . . Robots Melted . | . . . . . Combat Hostiles . | . . . . . Parts Melted . | . . . . . Heat Transferred 718 | 222 259 . 50 187 Parts Sabotaged . | . . . . . Parts Stolen . | . . . . . Parts Stripped . | . . . . . Power Chain Reactions 2 | . . . 1 1 Missiles Intercepted . | . . . . . Alert | -11 -10 -9 -9 -8 ------- Run | Scr Mat Mat Min Mat Peak Influence 678 | 15 151 44 304 678 Initial 118 | . 9 44 16 118 Average 160 | 8 68 44 86 425 Maximum Alert Level 2 | . . . 1 2 Low Security (%) 77 | 100 100 100 95 18 Level 1 7 | . . . 4 23 Level 2 14 | . . . . 57 Level 3 . | . . . . . Level 4 . | . . . . . Level 5 . | . . . . . High Security . | . . . . . Max Security . | . . . . . Squads Dispatched 9 | . . . 3 6 Investigation 3 | . . . 2 1 Extermination . | . . . . . Reinforcement 6 | . . . 1 5 Assault . | . . . . . Garrison . | . . . . . Intercept . | . . . . . Searches Triggered . | . . . . . Construction Impeded 3 | . . . 1 2 Haulers Reinforced . | . . . . . Active Scanning Responses . | . . . . . Cargo Convoy Interrupts . | . . . . . Stealth | -11 -10 -9 -9 -8 --------- Run | Scr Mat Mat Min Mat Distress Signals 3 | . . . . 3 Communications Jammed . | . . . . . Distress Signals . | . . . . . Times Spotted 44 | . 5 . 8 31 Peak Tracking Total 8 | . 3 . 3 8 Tactical Retreats 1 | . . . . 1 Traps | -11 -10 -9 -9 -8 ------- Run | Scr Mat Mat Min Mat Traps Triggered 1 | . . . . 1 Indirectly . | . . . . . Trap Hack Attempts . | . . . . . Triggered . | . . . . . Disarmed . | . . . . . Reprogrammed . | . . . . . Reused . | . . . . . Traps Extracted . | . . . . . Installed . | . . . . . Triggered . | . . . . . Machines | -11 -10 -9 -9 -8 ---------- Run | Scr Mat Mat Min Mat Machines Disabled 8 | . . . . 8 Max in Single Turn 2 | . . . . 2 Machines Sabotaged . | . . . . . Garrisons Compromised . | . . . . . Overloaded Fab Kills . | . . . . . Hacking | -11 -10 -9 -9 -8 --------- Run | Scr Mat Mat Min Mat Machines Accessed 8 | . 4 . 2 2 Terminals 4 | . 3 . 1 . Fabricators . | . . . . . Repair Stations . | . . . . . Recycling Units 2 | . 1 . . 1 Scanalyzers 1 | . . . . 1 Garrison Access . | . . . . . Total Hacks 25 | . 13 . 7 5 Successful 15 | . 8 . 3 4 Failed 10 | . 5 . 4 1 Catastrophic . | . . . . . Database Lockouts . | . . . . . Manual 18 | . 11 . 6 1 Terminals 16 | . 10 . 6 . Fabricators . | . . . . . Repair Stations . | . . . . . Recycling Units 4 | . 3 . . 1 Scanalyzers 4 | . . . . 4 Garrison Access . | . . . . . Terminal Hacks 4 | . 2 . 2 . Open Door 1 | . . . 1 . Terminal Index 2 | . 1 . 1 . Zone Layout 1 | . 1 . . . Fabricator Hacks . | . . . . . Repair Station Hacks . | . . . . . Recycling Unit Hacks 1 | . 1 . . . Report Inventory 1 | . 1 . . . Scanalyzer 4 | . . . . 4 Insert Component 2 | . . . . 2 Analyze 2 | . . . . 2 Garrison Access Hacks . | . . . . . Unauthorized Hacks 6 | . 5 . 1 . Terminals 4 | . 3 . 1 . Assimilate 1 | . 1 . . . Botnet 2 | . 1 . 1 . Operators 1 | . 1 . . . Fabricators . | . . . . . Repair Stations . | . . . . . Recycling Units 2 | . 2 . . . Reject 1 | . 1 . . . Mask 1 | . 1 . . . Scanalyzers . | . . . . . Garrison Access . | . . . . . Data Cores Recovered . | . . . . . Used . | . . . . . Hacking Detections 6 | . 3 . 1 2 Full Trace Events 1 | . . . 1 . Feedback Events . | . . . . . Feedback Blocked . | . . . . . Robot Schematics Acquired . | . . . . . Robots Built . | . . . . . Authchips . | . . . . . Time . | . . . . . Total Robot Build Rating . | . . . . . Part Schematics Acquired 1 | . . . . 1 Parts Built . | . . . . . Authchips . | . . . . . Time . | . . . . . Total Part Build Rating . | . . . . . Parts Repaired . | . . . . . Time . | . . . . . Parts Recycled . | . . . . . Recycled Matter . | . . . . . Retrieved Matter . | . . . . . Retrieved Components . | . . . . . Parts Scanalyzed 2 | . . . . 2 Part Schematics Acquired 1 | . . . . 1 Parts Damaged . | . . . . . Bothacking | -11 -10 -9 -9 -8 ------------ Run | Scr Mat Mat Min Mat Used RIF Installer . | . . . . . Robots Hacked . | . . . . . Non-combat . | . . . . . Combat . | . . . . . Robot Hacks Applied . | . . . . . Relay Couplers Released . | . . . . . Fabnet Peak Effective % . | . . . . . Robots Rewired . | . . . . . Allies Hacked . | . . . . . Hacks Repelled . | . . . . . Allies | -11 -10 -9 -9 -8 -------- Run | Scr Mat Mat Min Mat Total Allies . | . . . . . Largest Group . | . . . . . Highest-Rated Group . | . . . . . Highest-Rated Ally . | . . . . . Total Orders . | . . . . . Ally Attacks . | . . . . . Total Damage . | . . . . . Kills . | . . . . . Allies Corrupted . | . . . . . Allies Melted . | . . . . . Intel | -11 -10 -9 -9 -8 ------- Run | Scr Mat Mat Min Mat Robot Analysis Total . | . . . . . Derelict Logs Recovered 2 | . . . 2 . Drone Launches . | . . . . . Drone Recoveries . | . . . . . Exploration | -11 -10 -9 -9 -8 ------------- Run | Scr Mat Mat Min Mat Turns Passed 2003 | 160 590 9 737 507 Spaces Moved 975 | 97 201 8 443 226 Core 99 | 3 . . . 96 Treads 122 | . . . . 122 Legs 632 | 94 201 8 329 . Wheels 122 | . . . 114 8 Hover . | . . . . . Flight . | . . . . . Fastest Speed 50 | 50 120 120 90 50 Average Speed 122 | 117 120 120 113 144 Slowest Speed 400 | 120 120 120 190 400 Overloaded Moves . | . . . . . Propulsion Burnouts . | . . . . . Robots Hopped . | . . . . . Cave-ins Triggered . | . . . . . Exploration Rate (%) 32 | 4 36 3 91 26 Regions Visited 4 Branch Regions 1 Pre-discovered Areas . | . . . . . Known Exits Taken . | . . . . . Unknown Exits Taken 4 | 1 1 1 1 . Scrap Searched 3 | . . . 3 . Spaces Dug 41 | . 18 . . 23 Terrain Destroyed 299 | . 35 . 94 170 Melee . | . . . . . Projectile 24 | . 18 . . 6 AOE 275 | . 17 . 94 164 Terrain Rammed . | . . . . . Walls Destroyed . | . . . . . Machines Disabled . | . . . . . Actions | -11 -10 -9 -9 -8 --------- Run | Scr Mat Mat Min Mat Total 1570 | 122 471 7 631 339 Wait 382 | . 227 . 127 28 Move 971 | 96 200 7 442 226 Hop . | . . . . . Pick Up 24 | 9 2 . 5 8 Fast Attach 15 | 6 1 . 6 2 Attach 8 | 1 1 . . 6 Detach 1 | . . . . 1 Swap 25 | . 5 . 8 12 Drop 19 | 1 2 . 9 7 Fire 115 | 9 32 . 32 42 Melee . | . . . . . Ram 7 | . . . . 7 Kick 3 | . 1 . 2 . Crush . | . . . . . Escape Stasis . | . . . . . Rewire . | . . . . . Trap . | . . . . . Miscellaneous . | . . . . . Route ------- -11/Scrapyard -10/Materials -9/Materials -9/Mines (discovered 2 exits: *Mat x2) -8/Materials History --------- Turn | Location | Event 4 | -11/Scrapyard | Discovered new exit (range 15) 161 | -11/Scrapyard | Entered Materials 312 | -10/Materials | Build established: Mutant 694 | -10/Materials | Discovered new exit (range 10) 751 | -10/Materials | Entered another Materials area 751 | -9/Materials | Evolved 2 slots: Utility x2 751 | -9/Materials | Discovered new exit (range 7) 760 | -9/Materials | Entered Mines 772 | -9/Mines | Met a Derelict bent on vengeance 1049 | -9/Mines | Learned Materials emergency access door positions 1058 | -9/Mines | Received a Rocket Launcher from a helpful Derelict 1325 | -9/Mines | Met a Derelict shopkeep closing up shop 1432 | -9/Mines | Learned Materials stockpile data 1442 | -9/Mines | Discovered new exit (range 10) 1472 | -9/Mines | Discovered new exit (range 10) 1497 | -9/Mines | Entered Materials 1497 | -8/Materials | Evolved 2 slots: Propulsion x2 1618 | -8/Materials | Build established: Scavenger-Mutant 1834 | -8/Materials | Core integrity fell below 50% 1861 | -8/Materials | Lost 10 parts (1p4n3u2w) 1966 | -8/Materials | Core integrity fell below 20% 2004 | -8/Materials | Destroyed by H-55 Commando with Assault Rifle Last Messages --------------- 01967_ Critical hit (Burn: +37). 01969_ G-47 Trooper knocked back. 01970_ G-47 Trooper misfires. 01974_ Gauss Cannon destroyed. 01975_ K-01 Serf collects debris. 01976_ U-05 Engineer builds a Wall. 01978_ Dropped Sml. Storage Unit. 01978_ K-01 Serf collects debris. 01979_ Hvy. Particle Gun destroyed. 01979_ Critical hit (Burn: +37). 01984_ Acquired Lgt. Deuterium Engine. 01990_ Triggered Alarm Trap. 01990_ An alarm sounds. 01990_ ALERT: Alarm triggered, dispatching investigation squad. 01994_ K-01 Serf cleans the Electrolysis Chamber. 01997_ R-06 Scavenger inserts Heat Sink into recycling unit. 02000_ R-06 Scavenger inserts Wheel into recycling unit. 02001_ Recycling unit begins recycling process. 02002_ Connecting with Recycling Unit... 02004_ Slug penetrates Fusion Modulator. Map ----- +----------------------------------------------------+ | ?????????????????????????????????????????????????? | | ?????????????????????????????????????????????????? | | ?????????????????????????????????????????????????? | | ?????????????????????????????????????????????????? | | ?????????????????????????????????????????????????? | | ?????????????????????????????????????????????????? | | ?????????????????????????????????????????????????? | | ?????????????????????????????????????????????????? | | ?????????????????????????????????????????????????? | | ?????????????????????????????????????????????????? | | ??????????????????????+####??????????????????????? | | ????????????????????? #??????????????????????? | | ??????????????? ?? #??????????????????????? | | ????????????? "?" #??????????????????????? | | ?????????? ? """ +??????????????????????? | | ???????? "" """ #??????????????????????? | | ???????? T" #??????????????????????? | | ????????? "" #??????????????????????? | | ????????? r h """ #??????????????????????? | | ??????# ?? """ #??????????????????????? | | ??????# """ #??????????????????????? | | ??????# """ #??????????????????????? | | ??????# """ #??????????????????????? | | ??????# """ "" #??????????????????????? | | ??????# "Y ## ###?????????????????? | | ??????# ""r @ #?????????????????? | | ??????+ """ +?????????????????? | | ??????# """ t r #?????????????????? | | ??????# """ #############+#?????????????????? | | ??????# #???????????????????????????????? | | ??????# #???????????????????????????????? | | ??????# """ #???????????????+???????????????? | | ??????# """ #?????????????#?????????????????? | | ??????# """ #???????????? #?????????????????? | | ??????# #??????????? #?????????????????? | | ??????# #?????????? ??????????????????? | | ??????# """ #????????? ????????????????????? | | ?[?[ # """ #########+###???????????????????? | | ?[[[ + """ #???????????????????? | | ??????# #???????????????????? | | ??????# #???????????????????? | | ??? ??# ??????????????? | | ??? ?##############+### ??????????????? | | #########?????# #??# ?????????????????? | | """"""""#?????# """ #?????????????????????????? | | ###?#?# """ #?????????????????????????? | | # ## ## """ #?????????????????????????? | | # ## # """ #?????????????????????????? | | # # # "" #?????????????????????????? | | #"# # # #?????????????????????????? | +----------------------------------------------------+ Best States ------------- Heat Dissipation 31 Energy Generation 15 Energy Capacity 250 Matter Stores 300 Matter Capacity 300 Sight Range 16 Terrain Scan Range 16 Terrain Scan Density 10 Armor Coverage 225 Resistance: EM 15 Evasion (%) 55 Recoil Reduction 2 Offensive Hacking 10 Item Schematics ----------------- Hrd. Medium Armor Plating | -8/Materials | Scanalyzed Robot Schematics ------------------ None Fabricated ------------ Nothing Alien Tech Used ----------------- None Achievements -------------- None Challenges ------------ None Game ------ Seed KineticSystemScanner Manual? 0 Play Time 00:25:25 Cumulative 122.9 hours Start 2022.05.07 @ 16:21:57 End 2022.05.07 @ 16:44:31 Sessions 1 Manual Loads 0 Difficulty Rogue Special Mode None Game No. 197 Rogue 197 Adventurer 0 Explorer 0 Win Type - Total 0 Types 0/0/0/0/0/0/0/0/0 Lore% 48 Gallery% 51 Achievement% 36 Wizard Run 0 Options --------- ASCII 0 Keyboard 0 Movement Mouse Keybinds 0 Fullscreen 1 Font 12/Smallcaps Map View 83x54 Tactical HUD 1 Map Filters NONE Filters NONE Steam 1 RUN: a85734e4-6a88-4af7-9e8e-93940f0f4796